 Dungeon Crawl Stone Soup version 0.29.1-12-g30fa7ad0bf (webtiles) character file.

Game seed: 14158534702214215356

16262 mopl the Nimble (level 12, -17/126 HPs)
             Began as a Gnoll Monk on Dec 21, 2022.
             Was the Champion of Jiyva.
             Demolished by Snorg (22 damage)
             ... on level 1 of the Orcish Mines.
             The game lasted 00:15:10 (8965 turns).

mopl the Nimble (Gnoll Monk)                        Turns: 8965, Time: 00:15:11

Health: -17/126    AC: 14    Str: 14    XL:     12   Next: 35%
Magic:  0/23       EV:  7    Int: 11    God:    Jiyva [******]
Gold:   885        SH: 10    Dex: 15    Spells: 26/26 levels left

rFire   . . .      SeeInvis .   a - +6 broad axe
rCold   + . .      Faith    .   p - +0 kite shield
rNeg    . . .      Spirit   +   w - +0 plate armour
rPois   +          Reflect  .   D - +0 hat
rElec   .          Harm     .   (no cloak)
rCorr   +          Rampage  .   (no gloves)
Will    ++...                   (no boots)
Stlth   ..........              u - amulet of guardian spirit
HPRegen 1.91/turn               y - ring of protection from cold
MPRegen 0.68/turn               (no ring)

@: very slow
A: fangs 1, strong nose, distributed training, hooves 1, strong-willed 2,
mutation resistance 1, sense surroundings 1, poison resistance, robust 3, wild
magic 1, eyeballs 1, gelatinous body 1, jelly sensing items, jelly absorbing
missiles
a: Renounce Religion, Oozemancy, Slimify


You were on level 1 of the Orcish Mines.
You worshipped Jiyva.
Jiyva was exalted by your worship.
You visited 2 branches of the dungeon, and saw 13 of its levels.
You also visited: Bailey.

You collected 924 gold pieces.
You spent 39 gold pieces at shops.

Inventory:

Hand Weapons
 a - a +6 broad axe (weapon)
 k - a +4 flail
 n - a +0 hand axe of flaming
 z - a +4 glaive
Missiles
 f - 22 poisoned darts (quivered)
 m - 9 curare-tipped darts
 r - 6 javelins
 s - a throwing net
 t - 12 boomerangs
Armour
 p - a +0 kite shield (worn)
 w - a +0 plate armour (worn)
 A - +0 steam dragon scales
 D - a +0 hat (worn)
Jewellery
 u - an amulet of guardian spirit (around neck)
 v - an amulet of regeneration
 y - a ring of protection from cold (left hand)
 J - an amulet of the acrobat
Wands
 B - a wand of iceblast (11)
 E - a wand of flame (18)
 G - a wand of mindburst (6)
Scrolls
 b - a scroll of amnesia
 e - 8 scrolls of teleportation
 h - 3 scrolls of fear
 j - a scroll of butterflies {unknown}
 o - 2 scrolls of blinking {unknown}
 q - a scroll of immolation {unknown}
 F - 2 scrolls of enchant weapon {unknown}
Potions
 c - 5 potions of ambrosia
 d - 2 potions of brilliance
 g - 2 potions of mutation {!q}
 i - 6 potions of curing
 l - 2 potions of flight
 x - a potion of heal wounds
 C - a potion of magic
Miscellaneous
 H - a phial of floods (inert)
 I - a lightning rod (4/4)


   Skills:
 + Level 10.0 Fighting
 + Level 7.5 Short Blades
 + Level 7.5 Long Blades
 + Level 7.5 Axes
 + Level 10.0 Maces & Flails
 + Level 7.5 Polearms
 + Level 7.5 Staves
 + Level 7.5 Ranged Weapons
 + Level 7.5 Throwing
 + Level 7.5 Armour
 + Level 10.0 Dodging
 + Level 8.6 Stealth
 + Level 7.5 Shields
 + Level 7.5 Unarmed Combat
 + Level 7.5 Spellcasting
 + Level 6.2 Conjurations
 + Level 6.2 Hexes
 + Level 6.2 Summonings
 + Level 6.2 Necromancy
 + Level 6.2 Translocations
 + Level 6.2 Transmutations
 + Level 6.2 Fire Magic
 + Level 6.2 Ice Magic
 + Level 6.2 Air Magic
 + Level 6.2 Earth Magic
 + Level 6.2 Poison Magic
 + Level 8.2 Invocations
 + Level 7.5 Evocations


You had 26 spell levels left.
You didn't know any spells.
Your spell library contained the following spells:

 Spells                   Type           Power      Damage    Failure   Level
 Summon Small Mammal      Summ           92%        N/A       94%         1
 Static Discharge         Conj/Air       23%        3-6/arc   98%         2
 Call Canine Familiar     Summ           23%        N/A       100%        3
 Gell's Gravitas          Tloc           23%        N/A       100%        3
 Summon Guardian Golem    Hex/Summ       23%        N/A       100%        3
 Teleport Other           Tloc           23%        N/A       100%        3
 Fulminant Prism          Conj/Hex       11%        3d9       100%        4
 Iskenderun's Mystic Bla  Conj/Tloc      23%        2d6       100%        4
 Lee's Rapid Deconstruct  Erth           11%        3d9*      100%        5
 Lightning Bolt           Conj/Air       11%        1d24      100%        5
 Dispersal                Tloc           11%        N/A       100%        6
 Malign Gateway           Summ/Tloc      11%        N/A       100%        7
 Maxwell's Capacitive Co  Air            11%        ∞         100%        8
 Summon Horrible Things   Summ           11%        N/A       100%        8


Dungeon Overview and Level Annotations

Branches:
Dungeon (12/15)            Temple (0/1) D:6            Lair (0/5) D:11
    Orc (1/2) D:12         Bailey (visited)

Altars:
Gozag
Vehumet
Jiyva

Shops:
D:2 (   D:12 (

Annotations:
D:10 1 transporter, diceflayer's ghost, novice DsHu
D:12 4 transporters
Orc:1 Snorg


Innate Abilities, Weirdness & Mutations

You have very sharp teeth.
Your uncanny sense of smell can sniff out nearby items.
Your experience applies equally to all skills.
You have large cloven feet.
You are highly strong-willed. (Will++)
You are somewhat resistant to further mutation.
You passively map a small area around you.
Your system is resistant to poisons. (rPois)
You are extremely robust. (+30% HP)
Your spells are a little harder to cast, but a little more powerful.
Your body has grown eyes which may confuse attackers. (Acc +3)
Your rubbery body absorbs attacks. (AC +1, EV +1)
You have a small jelly attached to you that senses nearby items.
You have a small jelly attached to you that may absorb projectiles.


Message History

Snorg is moderately wounded.
You block Snorg's attack. x2; Snorg claws you.
Snorg bites you! Snorg claws you!! Snorg claws you.
Unknown command.
You slice Snorg!! You kick Snorg. You bite Snorg.
Snorg is heavily wounded.
You block Snorg's attack. Snorg claws you! Snorg claws you but does no damage.
Snorg barely misses you. You block Snorg's attack.
Snorg claws you but does no damage.
You hear a distant slurping noise.
You slash Snorg! Your bite misses Snorg.
Snorg is heavily wounded.
Snorg bites you!! You block Snorg's attack. Snorg claws you!
Snorg barely misses you. Snorg claws you!
* * * LOW HITPOINT WARNING * * *
Snorg claws you but does no damage.
You barely miss Snorg. Your kick misses Snorg. Your bite misses Snorg.
Snorg is heavily wounded.
Snorg bites you!
* * * LOW HITPOINT WARNING * * *
Snorg claws you but does no damage. Snorg claws you!
* * * LOW HITPOINT WARNING * * *
You hear a distant slurping noise.
Snorg bites you!
* * * LOW HITPOINT WARNING * * *
You block Snorg's attack. x2
Okay, then.
Aim the phial where?
Press: ? - help, Shift-Dir - straight line, f/p - Snorg
Aim: Snorg (heavily wounded, berserk)
The torrent of water hits Snorg.
Snorg is heavily wounded.
The wave splashes down.
Splash!
You fall into the shallow water.
Moving in this stuff is going to be slow.
Snorg is engulfed in water.
You hear a howl!
Snorg bites you!!
You die...

.... ** .##..
##... ,...#...
#....# ......#
*....# .......
,..~~##....# *
*#~~~....#
##T~...#
#~~@...## *
##~~.....#
#........#
##..##...###
##... #.....###
*#...####......#
,
#......##......#
#..#...#......##
## ,
#.........####.


You could see Snorg (berserk, unsilenced, waterlogged).

Vanquished Creatures
  An orc warlord (Bailey)
  2 boulder beetles (D:12)
  A two-headed ogre (D:12)
  A hydra (D:11)
  An orc sorcerer (Orc:1)
  2 manticores
  Joseph (D:8)
  Maggie (D:7)
  An unseen horror (D:11)
  A kobold demonologist (D:11)
  Psyche (D:8)
  A queen bee (D:11)
  Prince Ribbit (D:7)
  4 trolls
  Grinder (D:3)
  A hornet (D:11)
  A wyvern (D:9)
  3 yaks (D:10)
  2 shadows
  4 water elementals (D:10)
  3 steam dragons
  2 vampire mosquitoes (D:12)
  A warg (Orc:1)
  2 water moccasins
  2 ice beasts
  9 orc warriors
  A black bear (D:8)
  3 ogres
  2 centaurs
  A phantom (D:4)
  3 kobold brigands
  2 necrophages
  A gnoll sergeant (D:10)
  A scorpion (D:5)
  5 wights (D:9)
  37 killer bees
  2 howler monkeys (D:9)
  A hound (D:5)
  11 orc priests
  A gnoll bouda (D:5)
  2 iguanas
  6 orc wizards
  5 adders
  11 gnolls
  2 shadow imps
  4 white imps
  2 ufetubi (D:7)
  2 dart slugs (D:4)
  2 worms (D:2)
  35 orcs
  5 bats
  An endoplasm (D:1)
  3 giant cockroaches
  8 goblins
  8 hobgoblins
  3 jackals (D:3)
  2 quokkas
  3 ball pythons
  3 frilled lizards
  28 kobolds
  3 rats
259 creatures vanquished.

Vanquished Creatures (collateral kills)
  Gastronok (D:8)
  A two-headed ogre (D:10)
  A shadow (D:10)
  An ogre (D:5)
  A centaur (D:10)
5 creatures vanquished.

Vanquished Creatures (others)
  An unseen horror (D:12)
  A troll (D:9)
  A slime creature (D:12)
  An orc warrior (D:12)
  A centaur (D:7)
  14 jellies
  An orc priest (D:9)
  5 orc wizards
  2 gnolls
  An adder (D:3)
  A dart slug (D:2)
  9 orcs
  2 bats (D:2)
  An endoplasm (D:3)
  2 giant cockroaches
  2 goblins
  2 hobgoblins
  8 kobolds
  A quokka (D:1)
  2 ball pythons
  A frilled lizard (D:1)
  A rat (D:2)
60 creatures vanquished.

Grand Total: 324 creatures vanquished

Notes
Turn   | Place    | Note
-------+----------+-------------------------------------------
     0 | D:1      | mopl the Gnoll Monk began the quest for the Orb.
     0 | D:1      | Reached XP level 1. HP: 23/23 MP: 1/1
    90 | D:1      | Found a faded altar of an unknown god.
   107 | D:1      | Reached XP level 2. HP: 29/29 MP: 2/2
   124 | D:1      | Prayed at the altar of an unknown god.
   124 | D:1      | Became a worshipper of Jiyva Jiudynoe the Shapeless
   124 | D:1      | Reached * piety under Jiyva
   124 | D:1      | Reached ** piety under Jiyva
   226 | D:1      | Reached *** piety under Jiyva
   249 | D:1      | Gained mutation: You have hidden genetic potential.
                  | [Jiyva's grace]
   249 | D:1      | Gained mutation: You have great hidden genetic potential.
                  | [Jiyva's grace]
   249 | D:1      | Gained mutation: Your melee attacks may engulf your foes in
                  | ooze. [Jiyva's grace]
   249 | D:1      | Gained mutation: You are strong-willed. (Will+) [Jiyva's
                  | grace]
   898 | D:2      | Found Quurobb's Antique Weapon Shoppe.
   930 | D:2      | Reached XP level 3. HP: 35/35 MP: 3/3
   936 | D:2      | Gained mutation: Your flesh is heat resistant. (rF+)
                  | [hidden potential]
  1060 | D:2      | Reached skill level 1 in Invocations
  1119 | D:2      | Reached **** piety under Jiyva
  1141 | D:2      | Reached skill level 1 in Short Blades
  1141 | D:2      | Reached skill level 1 in Long Blades
  1141 | D:2      | Reached skill level 1 in Axes
  1141 | D:2      | Reached skill level 1 in Polearms
  1141 | D:2      | Reached skill level 1 in Staves
  1141 | D:2      | Reached skill level 1 in Ranged Weapons
  1141 | D:2      | Reached skill level 1 in Throwing
  1141 | D:2      | Reached skill level 1 in Armour
  1141 | D:2      | Reached skill level 1 in Shields
  1141 | D:2      | Reached skill level 1 in Unarmed Combat
  1141 | D:2      | Reached skill level 1 in Spellcasting
  1141 | D:2      | Reached skill level 1 in Evocations
  1400 | D:3      | Noticed Grinder
  1407 | D:3      | Killed Grinder
  1408 | D:3      | Reached skill level 1 in Conjurations
  1408 | D:3      | Reached skill level 1 in Hexes
  1408 | D:3      | Reached skill level 1 in Summonings
  1408 | D:3      | Reached skill level 1 in Necromancy
  1408 | D:3      | Reached skill level 1 in Translocations
  1408 | D:3      | Reached skill level 1 in Transmutations
  1408 | D:3      | Reached skill level 1 in Fire Magic
  1408 | D:3      | Reached skill level 1 in Ice Magic
  1408 | D:3      | Reached skill level 1 in Air Magic
  1408 | D:3      | Reached skill level 1 in Earth Magic
  1408 | D:3      | Reached skill level 1 in Poison Magic
  1408 | D:3      | Reached skill level 2 in Invocations
  1408 | D:3      | Reached XP level 4. HP: 41/41 MP: 4/6
  1408 | D:3      | Reached XP level 5. HP: 47/47 MP: 4/7
  1408 | D:3      | Reached XP level 6. HP: 53/53 MP: 4/8
  1411 | D:3      | Gained mutation: You possess an exceptional clarity of
                  | mind. [hidden potential]
  1411 | D:3      | Lost mutation: You have great hidden genetic potential.
                  | [hidden potential expressed]
  1852 | D:4      | Reached skill level 2 in Short Blades
  1852 | D:4      | Reached skill level 2 in Long Blades
  1852 | D:4      | Reached skill level 2 in Axes
  1852 | D:4      | Reached skill level 2 in Polearms
  1852 | D:4      | Reached skill level 2 in Staves
  1852 | D:4      | Reached skill level 2 in Ranged Weapons
  1852 | D:4      | Reached skill level 2 in Throwing
  1852 | D:4      | Reached skill level 2 in Armour
  1852 | D:4      | Reached skill level 2 in Shields
  1852 | D:4      | Reached skill level 2 in Unarmed Combat
  1852 | D:4      | Reached skill level 2 in Spellcasting
  1852 | D:4      | Reached skill level 2 in Evocations
  1946 | D:4      | Reached skill level 7 in Fighting
  1946 | D:4      | Reached skill level 7 in Maces & Flails
  1946 | D:4      | Reached skill level 7 in Dodging
  1946 | D:4      | Reached XP level 7. HP: 53/60 MP: 10/10
  1983 | D:4      | Lost mutation: You possess an exceptional clarity of mind.
                  | [Jiyva's grace]
  1983 | D:4      | Lost mutation: Your flesh is heat resistant. (rF+) [Jiyva's
                  | grace]
  1983 | D:4      | Lost mutation: You are strong-willed. (Will+) [Jiyva's
                  | grace]
  1983 | D:4      | Gained mutation: Your rubbery body absorbs attacks. (AC +1,
                  | EV +1) [Jiyva's grace]
  1983 | D:4      | Gained mutation: Your pliable body absorbs attacks. (AC +2,
                  | EV +2) [Jiyva's grace]
  1983 | D:4      | Gained mutation: Your gelatinous body deflects attacks. (AC
                  | +3, EV +3) [Jiyva's grace]
  1983 | D:4      | Gained mutation: You have a small jelly attached to you
                  | that senses nearby items. [Jiyva's grace]
  2180 | D:4      | Gained mutation: You are strong-willed. (Will+) [hidden
                  | potential]
  2201 | D:4      | Reached skill level 2 in Conjurations
  2201 | D:4      | Reached skill level 2 in Hexes
  2201 | D:4      | Reached skill level 2 in Summonings
  2201 | D:4      | Reached skill level 2 in Necromancy
  2201 | D:4      | Reached skill level 2 in Translocations
  2201 | D:4      | Reached skill level 2 in Transmutations
  2201 | D:4      | Reached skill level 2 in Fire Magic
  2201 | D:4      | Reached skill level 2 in Ice Magic
  2201 | D:4      | Reached skill level 2 in Air Magic
  2201 | D:4      | Reached skill level 2 in Earth Magic
  2201 | D:4      | Reached skill level 2 in Poison Magic
  2316 | D:4      | Reached skill level 5 in Stealth
  2393 | D:4      | Reached ***** piety under Jiyva
  2507 | D:5      | Entered Level 5 of the Dungeon
  2526 | D:5      | Reached skill level 3 in Invocations
  2568 | D:5      | Reached skill level 3 in Short Blades
  2568 | D:5      | Reached skill level 3 in Long Blades
  2568 | D:5      | Reached skill level 3 in Axes
  2568 | D:5      | Reached skill level 3 in Polearms
  2568 | D:5      | Reached skill level 3 in Staves
  2568 | D:5      | Reached skill level 3 in Ranged Weapons
  2568 | D:5      | Reached skill level 3 in Throwing
  2568 | D:5      | Reached skill level 3 in Armour
  2568 | D:5      | Reached skill level 3 in Shields
  2568 | D:5      | Reached skill level 3 in Unarmed Combat
  2568 | D:5      | Reached skill level 3 in Spellcasting
  2568 | D:5      | Reached skill level 3 in Evocations
  2568 | D:5      | Reached XP level 8. HP: 28/67 MP: 12/12
  2576 | D:5      | Gained mutation: Your system is resistant to poisons.
                  | (rPois) [hidden potential]
  2576 | D:5      | Lost mutation: You have hidden genetic potential. [hidden
                  | potential expressed]
  3153 | D:6      | Found a staircase to the Ecumenical Temple.
  3423 | D:6      | Reached skill level 3 in Conjurations
  3423 | D:6      | Reached skill level 3 in Hexes
  3423 | D:6      | Reached skill level 3 in Summonings
  3423 | D:6      | Reached skill level 3 in Necromancy
  3423 | D:6      | Reached skill level 3 in Translocations
  3423 | D:6      | Reached skill level 3 in Transmutations
  3423 | D:6      | Reached skill level 3 in Fire Magic
  3423 | D:6      | Reached skill level 3 in Ice Magic
  3423 | D:6      | Reached skill level 3 in Air Magic
  3423 | D:6      | Reached skill level 3 in Earth Magic
  3423 | D:6      | Reached skill level 3 in Poison Magic
  3423 | D:6      | Reached skill level 4 in Invocations
  3529 | D:6      | Gained mutation: Your body has grown eyes which may confuse
                  | attackers. (Acc +3) [Jiyva's grace]
  3529 | D:6      | Gained mutation: Your body has grown many eyes which may
                  | confuse attackers. (Acc +5) [Jiyva's grace]
  3529 | D:6      | Gained mutation: Your body is covered in eyes which may
                  | confuse attackers. (Acc +7, SInv) [Jiyva's grace]
  3529 | D:6      | Gained mutation: You have hidden genetic potential.
                  | [Jiyva's grace]
  4082 | D:7      | Noticed Prince Ribbit
  4091 | D:7      | Killed Prince Ribbit
  4092 | D:7      | Reached skill level 4 in Short Blades
  4092 | D:7      | Reached skill level 4 in Long Blades
  4092 | D:7      | Reached skill level 4 in Axes
  4092 | D:7      | Reached skill level 4 in Polearms
  4092 | D:7      | Reached skill level 4 in Staves
  4092 | D:7      | Reached skill level 4 in Ranged Weapons
  4092 | D:7      | Reached skill level 4 in Throwing
  4092 | D:7      | Reached skill level 4 in Armour
  4092 | D:7      | Reached skill level 4 in Shields
  4092 | D:7      | Reached skill level 4 in Unarmed Combat
  4092 | D:7      | Reached skill level 4 in Spellcasting
  4092 | D:7      | Reached skill level 4 in Evocations
  4092 | D:7      | Reached XP level 9. HP: 71/73 MP: 12/15
  4118 | D:7      | Found a flagged portal.
  4132 | D:7      | Reached skill level 6 in Stealth
  4148 | Bailey   | Entered a bailey
  4153 | Bailey   | Noticed an orc warlord
  4259 | Bailey   | Reached skill level 8 in Fighting
  4259 | Bailey   | Reached skill level 8 in Maces & Flails
  4259 | Bailey   | Reached skill level 8 in Dodging
  4263 | Bailey   | Gained mutation: You passively map a small area around you.
                  | [hidden potential]
  4301 | Bailey   | Found a runed translucent gate.
  4301 | Bailey   | Found a runed translucent gate.
  4301 | Bailey   | Found a runed translucent gate.
  4406 | Bailey   | Killed an orc warlord
  4407 | Bailey   | Reached skill level 4 in Conjurations
  4407 | Bailey   | Reached skill level 4 in Hexes
  4407 | Bailey   | Reached skill level 4 in Summonings
  4407 | Bailey   | Reached skill level 4 in Necromancy
  4407 | Bailey   | Reached skill level 4 in Translocations
  4407 | Bailey   | Reached skill level 4 in Transmutations
  4407 | Bailey   | Reached skill level 4 in Fire Magic
  4407 | Bailey   | Reached skill level 4 in Ice Magic
  4407 | Bailey   | Reached skill level 4 in Air Magic
  4407 | Bailey   | Reached skill level 4 in Earth Magic
  4407 | Bailey   | Reached skill level 4 in Poison Magic
  4407 | Bailey   | Reached skill level 5 in Invocations
  4429 | Bailey   | Identified the +3 robe of the Undertaker {rF+}
  4615 | D:7      | Reached ****** piety under Jiyva
  4676 | D:7      | Noticed Maggie
  4687 | D:7      | Killed Maggie
  4688 | D:7      | Reached skill level 5 in Short Blades
  4688 | D:7      | Reached skill level 5 in Long Blades
  4688 | D:7      | Reached skill level 5 in Axes
  4688 | D:7      | Reached skill level 5 in Polearms
  4688 | D:7      | Reached skill level 5 in Staves
  4688 | D:7      | Reached skill level 5 in Ranged Weapons
  4688 | D:7      | Reached skill level 5 in Throwing
  4688 | D:7      | Reached skill level 5 in Armour
  4688 | D:7      | Reached skill level 5 in Shields
  4688 | D:7      | Reached skill level 5 in Unarmed Combat
  4688 | D:7      | Reached skill level 5 in Spellcasting
  4688 | D:7      | Reached skill level 5 in Evocations
  4688 | D:7      | Reached XP level 10. HP: 51/81 MP: 12/17
  5045 | D:8      | Noticed Gastronok
  5064 | D:8      | Killed Gastronok
  5065 | D:8      | Reached skill level 7 in Stealth
  5065 | D:8      | Reached skill level 6 in Invocations
  5067 | D:8      | Gained mutation: You have large cloven feet. [hidden
                  | potential]
  5067 | D:8      | Lost mutation: You have hidden genetic potential. [hidden
                  | potential expressed]
  5352 | D:8      | Noticed Joseph
  5367 | D:8      | Killed Joseph
  5463 | D:8      | Lost mutation: You are strong-willed. (Will+) [Jiyva's
                  | grace]
  5463 | D:8      | Lost mutation: Your body is covered in eyes which may
                  | confuse attackers. (Acc +7, SInv) [Jiyva's grace]
  5463 | D:8      | Lost mutation: Your gelatinous body deflects attacks. (AC
                  | +3, EV +3) [Jiyva's grace]
  5463 | D:8      | Lost mutation: Your melee attacks may engulf your foes in
                  | ooze. [Jiyva's grace]
  5463 | D:8      | Gained mutation: You are strong-willed. (Will+) [Jiyva's
                  | grace]
  5463 | D:8      | Gained mutation: You are highly strong-willed. (Will++)
                  | [Jiyva's grace]
  5463 | D:8      | Gained mutation: You are extremely strong-willed. (Will+++)
                  | [Jiyva's grace]
  5463 | D:8      | Gained mutation: Your spells are a little harder to cast,
                  | but a little more powerful. [Jiyva's grace]
  5489 | D:8      | Noticed Psyche
  5491 | D:8      | Found an opulent altar of Gozag.
  5496 | D:8      | Killed Psyche
  6041 | D:9      | Reached skill level 9 in Fighting
  6041 | D:9      | Reached skill level 9 in Maces & Flails
  6041 | D:9      | Reached skill level 9 in Dodging
  6044 | D:9      | Reached skill level 6 in Short Blades
  6044 | D:9      | Reached skill level 6 in Long Blades
  6044 | D:9      | Reached skill level 6 in Axes
  6044 | D:9      | Reached skill level 6 in Polearms
  6044 | D:9      | Reached skill level 6 in Staves
  6044 | D:9      | Reached skill level 6 in Ranged Weapons
  6044 | D:9      | Reached skill level 6 in Throwing
  6044 | D:9      | Reached skill level 6 in Armour
  6044 | D:9      | Reached skill level 6 in Shields
  6044 | D:9      | Reached skill level 6 in Unarmed Combat
  6044 | D:9      | Reached skill level 6 in Spellcasting
  6044 | D:9      | Reached skill level 6 in Evocations
  6370 | D:9      | Reached skill level 5 in Conjurations
  6370 | D:9      | Reached skill level 5 in Hexes
  6370 | D:9      | Reached skill level 5 in Summonings
  6370 | D:9      | Reached skill level 5 in Necromancy
  6370 | D:9      | Reached skill level 5 in Translocations
  6370 | D:9      | Reached skill level 5 in Transmutations
  6370 | D:9      | Reached skill level 5 in Fire Magic
  6370 | D:9      | Reached skill level 5 in Ice Magic
  6370 | D:9      | Reached skill level 5 in Air Magic
  6370 | D:9      | Reached skill level 5 in Earth Magic
  6370 | D:9      | Reached skill level 5 in Poison Magic
  6373 | D:9      | Reached XP level 11. HP: 87/89 MP: 20/20
  6478 | D:10     | Entered Level 10 of the Dungeon
  6559 | D:10     | Noticed a two-headed ogre
  6562 | D:10     | Noticed a two-headed ogre
  6562 | D:10     | Noticed diceflayer's ghost (novice DsHu)
  6563 | D:10     | Noticed a two-headed ogre
  6564 | D:10     | Found a transporter.
  6564 | D:10     | Identified the +8 dire flail "Beast's Peril" {antimagic,
                  | rElec rN++ rCorr Stlth-}
  6564 | D:10     | Noticed a two-headed ogre
  6565 | D:10     | Noticed a two-headed ogre
  6642 | D:10     | Noticed a two-headed ogre
  6646 | D:10     | Killed a two-headed ogre
  6874 | D:10     | Reached skill level 7 in Invocations
  7376 | D:11     | Found a radiant altar of Vehumet.
  7377 | D:11     | Noticed a six-headed hydra
  7381 | D:11     | Killed a seven-headed hydra
  7428 | D:11     | Noticed a manticore
  7440 | D:11     | Killed a manticore
  7441 | D:11     | Reached skill level 8 in Stealth
  7441 | D:11     | Lost mutation: Your body has grown many eyes which may
                  | confuse attackers. (Acc +5) [Jiyva's grace]
  7441 | D:11     | Gained mutation: You are somewhat resistant to further
                  | mutation. [Jiyva's grace]
  7441 | D:11     | Gained mutation: You are somewhat resistant to both further
                  | mutation and mutation removal. [Jiyva's grace]
  7441 | D:11     | Gained mutation: You are almost entirely resistant to
                  | further mutation and mutation removal. [Jiyva's grace]
  7441 | D:11     | Gained mutation: You have hoof-like feet. [Jiyva's grace]
  7502 | D:11     | Found a staircase to the Lair.
  7603 | D:11     | Reached skill level 7 in Short Blades
  7603 | D:11     | Reached skill level 7 in Long Blades
  7603 | D:11     | Reached skill level 7 in Axes
  7603 | D:11     | Reached skill level 7 in Polearms
  7603 | D:11     | Reached skill level 7 in Staves
  7603 | D:11     | Reached skill level 7 in Ranged Weapons
  7603 | D:11     | Reached skill level 7 in Throwing
  7603 | D:11     | Reached skill level 7 in Armour
  7603 | D:11     | Reached skill level 7 in Shields
  7603 | D:11     | Reached skill level 7 in Unarmed Combat
  7603 | D:11     | Reached skill level 7 in Spellcasting
  7603 | D:11     | Reached skill level 7 in Evocations
  7649 | D:11     | Noticed a sun demon
  7965 | D:12     | Noticed a boulder beetle
  7980 | D:12     | Killed a boulder beetle
  7981 | D:12     | Reached XP level 12. HP: 74/97 MP: 19/22
  7984 | D:12     | Found Sulul's Weapon Shoppe.
  7984 | D:12     | Found a staircase to the Orcish Mines.
  8004 | D:12     | Bought 6 curare-tipped darts for 39 gold pieces
  8009 | D:12     | Noticed a two-headed ogre
  8020 | D:12     | Killed a two-headed ogre
  8021 | D:12     | Reached skill level 6 in Conjurations
  8021 | D:12     | Reached skill level 6 in Hexes
  8021 | D:12     | Reached skill level 6 in Summonings
  8021 | D:12     | Reached skill level 6 in Necromancy
  8021 | D:12     | Reached skill level 6 in Translocations
  8021 | D:12     | Reached skill level 6 in Transmutations
  8021 | D:12     | Reached skill level 6 in Fire Magic
  8021 | D:12     | Reached skill level 6 in Ice Magic
  8021 | D:12     | Reached skill level 6 in Air Magic
  8021 | D:12     | Reached skill level 6 in Earth Magic
  8021 | D:12     | Reached skill level 6 in Poison Magic
  8037 | D:12     | Reached skill level 8 in Invocations
  8041 | D:12     | Found a transporter.
  8041 | D:12     | Found a transporter.
  8042 | D:12     | Found a transporter.
  8244 | D:12     | Noticed a boulder beetle
  8270 | D:12     | Killed a boulder beetle
  8460 | D:12     | Reached skill level 10 in Fighting
  8460 | D:12     | Reached skill level 10 in Maces & Flails
  8460 | D:12     | Reached skill level 10 in Dodging
  8560 | D:12     | Found a transporter.
  8584 | D:12     | Lost mutation: You have hoof-like feet. [Jiyva's grace]
  8584 | D:12     | Lost mutation: You are extremely strong-willed. (Will+++)
                  | [Jiyva's grace]
  8584 | D:12     | Lost mutation: You are almost entirely resistant to further
                  | mutation and mutation removal. [Jiyva's grace]
  8584 | D:12     | Lost mutation: You are somewhat resistant to both further
                  | mutation and mutation removal. [Jiyva's grace]
  8584 | D:12     | Lost mutation: Your pliable body absorbs attacks. (AC +2,
                  | EV +2) [Jiyva's grace]
  8584 | D:12     | Gained mutation: You are robust. (+10% HP) [Jiyva's grace]
  8584 | D:12     | Gained mutation: You are very robust. (+20% HP) [Jiyva's
                  | grace]
  8584 | D:12     | Gained mutation: You are extremely robust. (+30% HP)
                  | [Jiyva's grace]
  8584 | D:12     | Gained mutation: You have a small jelly attached to you
                  | that may absorb projectiles. [Jiyva's grace]
  8788 | Orc:1    | Entered Level 1 of the Orcish Mines
  8953 | Orc:1    | Noticed Snorg
  8964 | Orc:1    | HP: 3/126 [Snorg (10)]
  8965 | Orc:1    | Demolished by Snorg

Illustrated notes

Levels and vault maps discovered:
D:1:      heliophobic_arrival_battle_scene, layout_basic, basic_ecumenical_altar
D:2:      layout_rooms, serial_shops, shop, minmay_cupped
D:3:      layout_basic, uniq_grinder
D:4:      cheibrodos_thug_alley, layout_basic
D:5:      layout_cave_pools
D:6:      layout_layer_cave, minmay_temple_entry_waves
D:7:      layout_loops_ring, enter_bailey_5, uniq_maggie, uniq_prince_ribbit1
D:8:      layout_rooms, grunt_gozag_breadcrumbs, uniq_joseph, uniq_gastronok,
          uniq_psyche
D:9:      layout_basic
D:10:     layout_basic, gammafunk_ghost_smash, minmay_fountain_box,
          nicolae_underground_beach
D:11:     layout_roguey [special_room_bee], lair_entry_dummy,
          vehumet_altar_wand_db
D:12:     layout_long_grid, orc_david_3, nicolae_diode_quadrants
Orc:1:    layout_diamond_mine, serial_shops, nicolae_shop_overgrown_old_shop,
          nicolae_volcano_entry_two_sided, minmay_orc_keep, uniq_snorg

Skill      XL: |  1  2  3  4  5  6  7  8  9 10 11 12 |
---------------+-------------------------------------+-----
Invocations    | 2 3 4 5 6 7 8 |  8.2
Short Blades   | 1 2 3 4 5 6 7 |  7.5
Long Blades    | 1 2 3 4 5 6 7 |  7.5
Axes           | 1 2 3 4 5 6 7 |  7.5
Polearms       | 1 2 3 4 5 6 7 |  7.5
Staves         | 1 2 3 4 5 6 7 |  7.5
Ranged Weapons | 1 2 3 4 5 6 7 |  7.5
Throwing       | 1 2 3 4 5 6 7 |  7.5
Armour         | 1 2 3 4 5 6 7 |  7.5
Shields        | 1 2 3 4 5 6 7 |  7.5
Unarmed Combat | 1 2 3 4 5 6 7 |  7.5
Spellcasting   | 1 2 3 4 5 6 7 |  7.5
Evocations     | 1 2 3 4 5 6 7 |  7.5
Conjurations   | 1 2 3 4 5 6 |  6.2
Hexes          | 1 2 3 4 5 6 |  6.2
Summonings     | 1 2 3 4 5 6 |  6.2
Necromancy     | 1 2 3 4 5 6 |  6.2
Translocations | 1 2 3 4 5 6 |  6.2
Transmutations | 1 2 3 4 5 6 |  6.2
Fire Magic     | 1 2 3 4 5 6 |  6.2
Ice Magic      | 1 2 3 4 5 6 |  6.2
Air Magic      | 1 2 3 4 5 6 |  6.2
Earth Magic    | 1 2 3 4 5 6 |  6.2
Poison Magic   | 1 2 3 4 5 6 |  6.2
Fighting       | 7 8 9 10 | 10.0
Maces & Flails | 7 8 9 10 | 10.0
Dodging        | 7 8 9 10 | 10.0
Stealth        | 5 6 7 8 |  8.6

Action                   |  1- 3 |  4- 6 |  7- 9 | 10-12 || total
-------------------------+-------+-------+-------+-------++-------
Melee: Mace              |    27 |       |       |       ||    27
       Bite              |     5 |     4 |    28 |    51 ||    88
       Flail             |    29 |    53 |   187 |    55 ||   324
       Punch             |       |     3 |    10 |    16 ||    29
       Broad axe         |       |       |       |   311 ||   311
       Kick              |       |       |       |   118 ||   118
Throw: Dart              |       |       |    19 |    10 ||    29
Invok: Oozemancy         |       |       |     2 |     1 ||     3
Evoke: Wand              |       |       |       |     1 ||     1
       Phial of floods   |       |       |       |     1 ||     1
  Use: Scroll            |       |       |     5 |     6 ||    11
 Stab: Sleeping          |     9 |     1 |     6 |       ||    16
       Confused          |       |       |     4 |    13 ||    17
       Distracted        |       |       |     1 |       ||     1
Armor: Leather armour    |     8 |     7 |       |       ||    15
       Ring mail         |       |       |    17 |       ||    17
       Scale mail        |       |       |    54 |     7 ||    61
       Plate armour      |       |       |       |   280 ||   280
Dodge: Dodged            |    21 |    32 |   165 |   246 ||   464
Block: Kite shield       |       |       |       |    64 ||    64
